 Dungeon Crawl Stone Soup version 0.30-a0-778-g2ef04afb54 (webtiles) character file.

Game seed: 3407751123947298236

233 Leeroy the Slasher (level 6, -1/30 HPs)
             Began as a Vine Stalker Warper on Feb 16, 2023.
             Killed by divine providence
             ... invoked by an orc priest
              (11 damage)
             ... on level 3 of the Dungeon.
             The game lasted 00:03:29 (3141 turns).

Leeroy the Slasher (Vine Stalker Warper)            Turns: 3141, Time: 00:03:29

Health: -1/30      AC:  5    Str: 13    XL:     6   Next: 5%
Magic:  0/10       EV: 11    Int: 13    God:
Gold:   90         SH:  0    Dex: 16    Spells: 4/9 levels left

rFire   . . .      SeeInvis .    v - +1 dagger (vamp)
rCold   . . .      Faith    .    (no shield)
rNeg    . . .      Spirit   +    b - +0 leather armour
rPois   .          Reflect  .    (no helmet)
rElec   .          Harm     .    (no cloak)
rCorr   .          Rampage  .    f - +1 pair of gloves
Will    .....                    (no boots)
Stlth   +                        e - amulet of magic regeneration
HPRegen 1.05/turn                (no ring)
MPRegen 0.52/turn                (no ring)

@: on blink cooldown
A: fangs 2, regeneration 1, magic shield, antimagic bite, no potion heal 2
a: no special abilities


You were on level 3 of the Dungeon.
You visited 1 branch of the dungeon, and saw 4 of its levels.

You collected 90 gold pieces.

Inventory:

Hand Weapons
 a - a +0 falchion
 r - a +0 whip of venom
 t - a +0 dagger of venom
 v - a +1 vampiric dagger (weapon)
Missiles
 d - 7 boomerangs of dispersal
 j - 2 javelins (quivered)
 p - 9 boomerangs
 s - a throwing net
Armour
 b - a +0 leather armour (worn)
 f - a +1 pair of gloves (worn)
Jewellery
 e - an amulet of magic regeneration (around neck)
 i - an amulet of faith
Scrolls
 c - a scroll of blinking
 g - a scroll of enchant armour {unknown}
 k - a scroll of silence {unknown}
 l - a scroll of identify {unknown}
 n - a scroll of fear {unknown}
 o - a scroll of teleportation {unknown}
Potions
 h - a potion of degeneration {unknown}
 m - a potion of haste {unknown}
 q - a potion of attraction {unknown}
 u - a potion of curing {unknown}


   Skills:
 - Level 1.7 Fighting
 + Level 5.5 Long Blades
 - Level 0.8 Throwing
 - Level 0.7 Armour
 - Level 1.5 Dodging
 - Level 2.1 Spellcasting
 - Level 3.0 Translocations


You had 4 spell levels left.
You knew the following spells:

 Your Spells              Type           Power      Damage    Failure   Level
a - Blink                 Tloc           18%        N/A       14%         2
b - Vhi's Electric Charg  Tloc/Air       10%        N/A       45%         3

Your spell library contained the following spells:

 Spells                   Type           Power      Damage    Failure   Level
 Lesser Beckoning         Tloc           18%        N/A       14%         2
 Teleport Other           Tloc           9%         N/A       28%         3
 Static Discharge         Conj/Air       2%         2-3/arc   43%         2
 Manifold Assault         Tloc           9%         N/A       67%         4
 Arcjolt                  Conj/Air       0%         1d10      100%        5
 Lightning Bolt           Conj/Air       0%         1d11      100%        5


Dungeon Overview and Level Annotations

Branches:
Dungeon (4/15)
 Temple: D:4-7

Altars:

Shops:
D:1 (:[


Innate Abilities, Weirdness & Mutations

You have extremely sharp teeth.
Your natural rate of healing is unusually fast.
When hurt, damage is shared between your health and your magic reserves.
Your bite disrupts and absorbs the magic of your enemies.
Potions cannot restore your health.


Message History

There is a stone staircase leading up here.
The orc hits you with a +0 flail.
The orc priest invokes the aid of Beogh against you.
Beogh smites you! The orc barely misses you.
You climb upwards.
There is a stone staircase leading down here.
You hit the orc priest but do no damage.
You bite the orc priest. You drain its power.
You feel invigorated.
The orc priest is lightly wounded.
You hit the orc priest but do no damage.
The orc priest is lightly wounded.
The orc hits you with a +0 mace. The orc priest hits you with a +3 mace.
The orc closely misses you.
You barely miss the orc priest.
The orc priest is lightly wounded.
The orc priest invokes the aid of Beogh against you.
Beogh smites you! The orc closely misses you.
The orc hits you but does no damage.
You are too injured to fight recklessly!
You are too injured to fight recklessly!
You are too injured to fight recklessly!
You are too injured to fight recklessly!
You are too injured to fight recklessly!
You hit the orc. Your bite misses the orc.
The orc is lightly wounded.
The orc priest calls upon Beogh to heal the orc.
The orc's wounds heal themselves!
The orc hits you with a +0 flail. The orc hits you with a +0 mace.
You hit the orc.
You feel better.
Your bite misses the orc.
The orc is lightly wounded.
The orc priest hits you with a +3 mace.
* * * LOW HITPOINT WARNING * * *
The orc misses you. x2
Okay, then.
Casting: Blink (safe; 14% risk of failure)
Confirm with . or Enter, or press ? or * to list all spells.
You blink.
The orc priest invokes the aid of Beogh against you.
Beogh smites you!
You die...

#........##~......####
#.#########~.....#####
###.#######.'..#########
#ยง..........'.)#########
#.oo#######.#~)....#####
#.o.........#~).....####
#.........#.#~~......##.
#.........#.##~~.....##.
#.#.##.@....###~~....##.
#.#.#####.#.####~~...##.
#.#.#####.#....##~~.....
###.#.............##~~~..~
#...########......#####''#
#...+......'......# #.).
#...########......# ###.
#...##............# #.
#...##.######'#'### #.


You could see an orc priest and 2 orcs.

Vanquished Creatures
  A hound (D:2)
  Robin (D:2)
  4 gnolls
  5 adders
  2 dart slugs
  9 orcs (D:3)
  2 endoplasms (D:2)
  3 giant cockroaches
  20 goblins
  7 hobgoblins
  4 jackals (D:1)
  9 kobolds
  3 quokkas
  8 ball pythons
  7 bats
  4 frilled lizards
  4 rats
93 creatures vanquished.

Notes
Turn   | Place    | Note
-------+----------+-------------------------------------------
     0 | D:1      | Leeroy the Vine Stalker Warper began the quest for the Orb.
     0 | D:1      | Reached XP level 1. HP: 11/11 MP: 4/4
    99 | D:1      | Found a faded altar of an unknown god.
   122 | D:1      | Reached skill level 2 in Long Blades
   157 | D:1      | Found Ceppy's Antique Weapon Shop.
   233 | D:1      | You fall into a shaft and drop 1 floor!
   309 | D:2      | Reached XP level 2. HP: 11/15 MP: 4/6
   564 | D:2      | Reached skill level 3 in Long Blades
   564 | D:2      | Reached XP level 3. HP: 10/18 MP: 5/7
   677 | D:2      | Gained mutation: Your natural rate of healing is unusually
                  | fast. [Vine Stalker growth]
   677 | D:2      | Reached XP level 4. HP: 19/23 MP: 8/8
   780 | D:1      | Reached skill level 4 in Long Blades
   829 | D:1      | Found Poycukoi's Antique Armour Emporium.
   906 | D:1      | Found Kafutot's Book Emporium.
   955 | D:1      | Found Dowoiky's Antique Weapon Boutique.
  1768 | D:2      | Learned a level 2 spell: Blink
  1772 | D:2      | Learned a level 3 spell: Vhi's Electric Charge
  1792 | D:2      | Noticed Robin
  1798 | D:2      | Reached XP level 5. HP: 21/26 MP: 7/9
  1825 | D:2      | Killed Robin
  2228 | D:3      | Reached skill level 5 in Long Blades
  2725 | D:3      | Reached XP level 6. HP: 29/30 MP: 10/10
  3141 | D:3      | Killed from afar by an orc priest

Illustrated notes

Levels and vault maps discovered:
D:1:      dpeg_arrival_circle_labyrinth_c, layout_loops_ring, serial_shops,
          nicolae_shop_trees, shop, nicolae_square_shop, nicolae_shop_stone,
          ebering_ecumenical_altar_rust
D:2:      layout_loops_corners, uniq_robin
D:3:      minmay_general_purpose_star, layout_basic, minmay_hedge_maze,
          kennysheep_cross_room, lightli_corner_chamber
D:4:      layout_basic, serial_shops, nicolae_shop_statue_plus,
          nicolae_shop_advertising_works [nicolae_subvault_shop_adworks], shop

Skill      XL: |  1  2  3  4  5 |
---------------+----------------+-----
Long Blades    | 2 3 4 5 |  5.5
Fighting       | |  1.7
Throwing       | |  0.8
Armour         | |  0.7
Dodging        | |  1.5
Spellcasting   | |  2.1
Translocations | |  3.0

Action                     |  1- 3 |  4- 6 || total
---------------------------+-------+-------++-------
  Melee: Falchion          |    63 |   204 ||   267
         Bite              |    10 |    70 ||    80
         Dagger            |       |    47 ||    47
         Punch             |       |     3 ||     3
  Throw: Javelin           |       |     1 ||     1
   Cast: Blink             |       |     2 ||     2
 Armour: Leather armour    |    21 |    68 ||    89
  Dodge: Dodged            |    44 |   132 ||   176

Table legend: (Time is in decaauts)
 A = Elapsed time spent in this place.
 B = Non-inter-level travel time spent in this place.
 C = Inter-level travel time spent in this place.
 D = Time resting spent in this place.
 E = Time spent auto-exploring this place.
 F = Levels seen in this place.
 G = Mean time per level.
                   A        B        C        D        E       F      G
               +--------+--------+--------+--------+--------+-----+--------+
         Total |   3155 |   2918 |    237 |      5 |   2174 |   4 |  788.8 |
       Dungeon |   3155 |   2918 |    237 |      5 |   2174 |   4 |  788.8 |
               +--------+--------+--------+--------+--------+-----+--------+

Top non-repeatable levels by time:
     D:2: 1115 daAuts
     D:1: 1030 daAuts
     D:3: 1006 daAuts
     D:4: 3 daAuts
